 Dungeon Crawl Stone Soup version 0.22.0-5-gf09313c (webtiles) character file.

70 Gorglomux the Sneak (level 4, 0/34 HPs)
             Began as a Vine Stalker Assassin on Aug 13, 2018.
             Succumbed to Ijyb's poison
             ... on level 3 of the Dungeon.
             The game lasted 00:01:45 (2527 turns).

Gorglomux the Sneak (Vine Stalker Assassin)         Turns: 2527, Time: 00:01:46

Health: 0/34       AC: 22    Str: 14    XL:     4   Next: 21%
Magic:  0/5        EV:  2    Int: 11    God:
Gold:   49         SH:  0    Dex: 21    Spells: 3/3 levels left

rFire    . . .     SeeInvis .   a - +2 dagger
rCold    . . .     Gourm    .   (no shield)
rNeg     + + +     Faith    .   (armour currently unavailable)
rPois    +         Spirit   +   (helmet currently unavailable)
rElec    .         Reflect  .   (cloak currently unavailable)
rCorr    +         Harm     .   (gloves currently unavailable)
MR       .....     NoTele   +   (boots currently unavailable)
Stlth    ++++......             (no amulet)
HPRegen  0.51/turn              g - ring of resist corrosion
MPRegen  0.09/turn              (no ring)

@: agile, lethally poisoned (0 -> -10), tree-form
A: regeneration 1, magic shield, no potion heal 3, rot immunity
a: no special abilities


You were on level 3 of the Dungeon.
You were very hungry.
You were a tree.
You visited 1 branch of the dungeon, and saw 3 of its levels.

You collected 49 gold pieces.

Inventory:

Hand Weapons
 a - a +2 dagger (weapon)
 q - a +0 blowgun
Missiles
 e - 8 poisoned needles
 f - 2 curare-tipped needles
Armour
 d - a +0 cloak (melded)
 E - a +0 scale mail (melded)
Jewellery
 g - a ring of resist corrosion (left branch)
Scrolls
 s - a scroll of amnesia {unknown}
 t - a scroll of magic mapping {unknown}
 w - a scroll of identify {unknown}
 y - a scroll of remove curse {unknown}
 A - a scroll of teleportation {unknown}
 D - 2 scrolls of blinking {unknown}
Potions
 x - 2 potions of lignification
 Q - a potion of curing
Comestibles
 u - 3 rations


   Skills:
 + Level 2.6 Fighting
 + Level 2.7 Short Blades
 - Level 1.7 Throwing
 + Level 1.5 Armour
 - Level 0.7 Dodging
 - Level 4.8 Stealth


You had 3 spell levels left.
You didn't know any spells.
Your spell library was empty.

Dungeon Overview and Level Annotations

Branches:
Dungeon (3/15)

Altars:
Gozag

Annotations:
D:2 1 runed door
D:3 Ijyb


Innate Abilities, Weirdness & Mutations

((You have extremely sharp teeth.))
Your natural rate of healing is unusually fast.
When hurt, damage is shared between your health and your magic reserves.
((Your bite disrupts and absorbs the magic of your enemies.))
Potions cannot restore your health.
You are immune to rotting.


Message History

You are more poisoned!
The orc hits you but does no damage!
The butt wizard hits you but does no damage!
It was a potion of heal wounds!
Butt seemed strangely inert!
You feel sick!
Ijyb zaps a wand!
The puff of flame hits you!!! * * * don't die
* * * The orc hits you but does no damage!
The orc wizard hits you but does no damage!
Butt was a potion of agility!
You feel agile all of a sudden! * * * don't die
* * * You feel sick!
Ijyb hits you but butts no damage!
You are more poisoned!
The orc hits you but does no damage! The orc wizard casts a spell at you!
The puff of flame hits you!!! * * * don't die
* * * You butt Ijyb like a sieve!
Ijyb is moderately wounded! rip

....... ...........#
.......# #.........#
.......####.........#
..........#.........#
....o.....##...#....###
...o...................
o...............[......
...###oo......>........
#♣g.....#.........
#.......#.........
#.......#.........
#.......#.........
#.......#.........
#.................
#.................
#.......##...(....
#.......##.(......


You could see Ijyb, an orc wizard and 2 orcs.

Vanquished Creatures
  An adder (D:2)
  3 worms (D:2)
  2 dart slugs (D:2)
  4 leopard geckos (D:2)
  2 orcs (D:3)
  4 bats
  3 giant cockroaches
  6 goblins
  5 hobgoblins
  2 jackals (D:1)
  A kobold (D:2)
  A quokka (D:2)
  2 frilled lizards (D:2)
  4 rats
40 creatures vanquished.

Notes
Turn   | Place    | Note
-------+----------+-------------------------------------------
     0 | D:1      | Gorglomux the Vine Stalker Assassin began the quest for the Orb.
     0 | D:1      | Reached XP level 1. HP: 11/11 MP: 2/2
   269 | D:1      | Reached XP level 2. HP: 13/15 MP: 3/3
   748 | D:2      | Found an opulent altar of Gozag.
  1286 | D:2      | Reached skill level 1 in Armour
  1286 | D:2      | Reached XP level 3. HP: 15/18 MP: 4/4
  1979 | D:2      | Gained mutation: Your natural rate of healing is unusually fast. [Vine Stalker growth]
  1979 | D:2      | Reached XP level 4. HP: 15/23 MP: 5/5
  2172 | D:2      | Found a runed door.
  2481 | D:3      | Noticed Ijyb
  2527 | D:3      | Succumbed to Ijyb's poison

Skill      XL: |  1  2 |
---------------+-------+-----
Fighting       | 2 |  2.6
Short Blades   | 2 |  2.7
Armour         | 1 |  1.5
Throwing       | |  1.7
Dodging        | |  0.7
Stealth        | |  4.8

Action                   |  1- 3 |  4- 6 || total
-------------------------+-------+-------++-------
Melee: Dagger            |   137 |    28 ||   165
       Bite              |    33 |     5 ||    38
  Use: Potion            |       |     4 ||     4
 Stab: Sleeping          |     6 |       ||     6
       Distracted        |     1 |       ||     1
  Eat: Chunk             |     3 |     1 ||     4
Armor: Robe              |    23 |     3 ||    26
       Skin              |       |    16 ||    16
Dodge: Dodged            |    83 |    13 ||    96
